 Dungeon Crawl Stone Soup version 0.30-a0-989-g0d87f670db (webtiles) character file.

Game seed: 7826112715063498419

9097 tbh1313 the Severer (level 11, 0/82 HPs)
             Began as a Minotaur Berserker on Apr 3, 2023.
             Was an Elder of Trog.
             Slain by Erica
             ... wielding a +2 scimitar of flaming
              (4 damage)
             ... on level 9 of the Dungeon.
             The game lasted 00:15:51 (8870 turns).

tbh1313 the Severer (Minotaur Berserker)            Turns: 8870, Time: 00:15:51

Health: 0/82       AC: 13    Str: 23    XL:     11   Next: 18%
Magic:  10/10      EV: 10    Int:  8    God:    Trog [****..]
Gold:   474        SH:  0    Dex:  9    Spells: 10/10 levels left

rFire   . . .      SeeInvis .    a - +4 battleaxe
rCold   . . .      Faith    .    (shield currently unavailable)
rNeg    . . .      Spirit   .    l - +1 scale mail {rPois}
rPois   +          Reflect  .    (helmet restricted)
rElec   .          Rampage  .    (no cloak)
rCorr   .                        w - +2 pair of gloves
Will    +....                    x - +2 pair of boots Stlth
                                 (no amulet)
HPRegen 0.33/turn                o - ring of willpower
MPRegen 0.12/turn                (no ring)

@: no status effects
A: horns 2, retaliatory headbutt
a: Renounce Religion, Berserk, Trog's Hand, Brothers in Arms


You were on level 9 of the Dungeon.
You worshipped Trog.
Trog was greatly pleased with you.
You visited 1 branch of the dungeon, and saw 9 of its levels.
You also visited: Ossuary.

You collected 474 gold pieces.

Inventory:

Hand Weapons
 a - a +4 battleaxe (weapon)
 b - a +0 shortbow of electrocution
Armour
 l - a +1 scale mail of poison resistance (worn)
 w - a +2 pair of gloves (worn)
 x - a +2 pair of boots (worn)
Jewellery
 o - a ring of willpower (left hand)
 s - an amulet of faith
Wands
 j - a wand of light (12)
 v - a wand of flame (41)
 B - a wand of iceblast (3)
Scrolls
 c - 2 scrolls of immolation
 g - a scroll of blinking
 n - a scroll of identify
 r - a scroll of enchant weapon
 y - 3 scrolls of teleportation
 A - a scroll of poison
Potions
 f - 3 potions of flight
 h - a potion of invisibility
 k - 3 potions of resistance
 m - a potion of magic
 p - 2 potions of cancellation
 q - 3 potions of might
 t - 7 potions of curing
 u - a potion of haste {unknown}
 z - a potion of attraction


   Skills:
 - Level 3.6 Fighting
 + Level 19.9 Axes
 - Level 2.4 Armour
 - Level 2.1 Dodging
 - Level 4.0 Shields


You had 10 spell levels left.
You didn't know any spells.
Your spell library was empty.

Dungeon Overview and Level Annotations

Branches:
Dungeon (9/15)             Temple (0/1) D:7            Lair (0/5) D:8
Ossuary (visited)
    Orc: D:9-12

Altars:
Cheibriados
Elyvilon
Fedhas
Hepliaklqana
Uskayaw
Zin

Annotations:
D:3 2 transporters, jasper's ghost, amateur TeSu
D:9 Erica


Innate Abilities, Weirdness & Mutations

You have a pair of horns on your head.
You reflexively headbutt those who attack you in melee.


Message History

You are too injured to fight recklessly!
You slash the yak! Your headbutt misses the yak.
The yak is severely wounded.
You completely miss something.
You feel sick.
The centaur shoots an arrow.
You hit the yak.
The yak is almost dead.
You barely miss something.
You feel sick.
You are no longer poisoned.
The centaur shoots an arrow.
The arrow hits you! The yak gores you! Something hits you.
* * * LOW HITPOINT WARNING * * *
Something burns you.
* * * LOW HITPOINT WARNING * * *
You feel much better. The yak barely misses you.
Something hits you but does no damage.
You closely miss something. You slice the yak!!
You kill the yak!
Trog accepts your kill.
The centaur shoots an arrow.
The arrow closely misses you. Something hits you but does no damage.
The centaur unwields a +0 shortbow.
The centaur misses you. The centaur kicks you. Something hits you!
Something burns you!
* * * LOW HITPOINT WARNING * * *
You see here a yak corpse.
You slice the centaur!!
You kill the centaur!
Trog accepts your kill.
You miss something. You hit something. Something hits you.
* * * LOW HITPOINT WARNING * * *
Something burns you.
* * * LOW HITPOINT WARNING * * *
You closely miss something. Your headbutt misses something. Something hits you.
* * * LOW HITPOINT WARNING * * *
Something burns you.
* * * LOW HITPOINT WARNING * * *
You feel better. Something hits you!
* * * LOW HITPOINT WARNING * * *
Something burns you.
You die...

#<# #.# #.#
###.# ..#.#
#.#.# ###
#.#.#
#....#.#.#
#...@{#
#....)#
#........#
#.........
#........##
.........#
..........
.........#


There were no monsters in sight!

Levels and vault maps discovered:
D:1:      amcnicky_arrival_single_pillar, layout_rooms,
          hellmonk_ecumenical_altar_watching_god, minmay_misc_feat_nine_boxes
D:2:      layout_basic, basic_altar
D:3:      layout_basic, gammafunk_ghost_arena
D:4:      layout_cave_pools, mainiacjoe_overflow_small_starburst,
          minmay_misc_feat_iff, mrwooster_statue_mirror, minmay_surrounded
D:5:      layout_rooms, chei_slow_surprise, gup_ossuary_entry_pyramid,
          corner_web_ring
D:6:      layout_layer_cave, nzn_hepliaklqana_mist_gate,
          mainiacjoe_overflow_chevrons
D:7:      layout_gridville, temple_fountains, grunt_ministairs_13,
          nzn_random_ring, uniq_maggie, uniq_menkaure
D:8:      layout_basic, jmf_multi_god_temple, minmay_lair_entry_grove,
          dk_noncrumbling_3
D:9:      kennysheep_spiral_hall, layout_basic, erik_orc_3, serial_shops,
          nicolae_shop_stone, nicolae_shop_stone, uniq_erica

Notes
Turn   | Place    | Note
-------+----------+-------------------------------------------
     0 | D:1      | tbh1313 the Minotaur Berserker began the quest for the Orb.
     0 | D:1      | Reached XP level 1. HP: 19/19 MP: 0/0
    90 | D:1      | Reached skill level 4 in Axes
   173 | D:1      | Reached XP level 2. HP: 26/26 MP: 1/1
   332 | D:1      | Noticed a shining eye
   334 | D:1      | Found a faded altar of an unknown god.
   335 | D:1      | Noticed an eye of devastation
   335 | D:1      | Noticed an eye of devastation
   335 | D:1      | Noticed an eye of devastation
   459 | D:2      | Reached skill level 1 in Shields
   491 | D:2      | Reached XP level 3. HP: 25/31 MP: 2/2
   590 | D:2      | Reached skill level 5 in Axes
   972 | D:2      | Reached XP level 4. HP: 39/39 MP: 3/3
  1010 | D:2      | Found a snail-covered altar of Cheibriados.
  1361 | D:3      | Found a transporter.
  1362 | D:3      | Noticed a steam dragon
  1365 | D:3      | Noticed jasper's ghost (amateur TeSu)
  1389 | D:3      | Reached ** piety under Trog
  1609 | D:3      | Found a transporter.
  2103 | D:4      | Reached XP level 5. HP: 45/45 MP: 4/4
  2114 | D:4      | Reached skill level 6 in Axes
  2204 | D:4      | Reached skill level 7 in Axes
  2204 | D:4      | Reached XP level 6. HP: 25/51 MP: 5/5
  2467 | D:4      | Found a hide-covered altar of Uskayaw.
  2738 | D:5      | Entered Level 5 of the Dungeon
  2754 | D:5      | Noticed an ice beast
  2767 | D:5      | Killed an ice beast
  2768 | D:5      | Reached skill level 8 in Axes
  2786 | D:5      | Reached XP level 7. HP: 48/57 MP: 6/6
  2812 | D:5      | Reached skill level 9 in Axes
  2841 | D:5      | Found a sand-covered staircase.
  2850 | Ossuary  | Entered an ossuary
  2850 | Ossuary  | Noticed a wraith
  2850 | Ossuary  | Noticed a wraith
  2850 | Ossuary  | Noticed a wraith
  2905 | Ossuary  | Reached *** piety under Trog
  3025 | Ossuary  | Noticed a wraith
  3054 | Ossuary  | Killed a wraith
  3433 | D:5      | Reached skill level 10 in Axes
  3797 | D:5      | Identified the +2 spear "Piedix" {pain, Drain rCorr MP+9
                  | Dex+8}
  3843 | D:5      | Reached XP level 8. HP: 61/64 MP: 7/7
  3927 | D:5      | Found a snail-covered altar of Cheibriados.
  4151 | D:6      | Reached skill level 11 in Axes
  4468 | D:6      | Found a hazy altar of Hepliaklqana.
  4501 | D:6      | Found a white marble altar of Elyvilon.
  4576 | D:6      | Reached skill level 12 in Axes
  4679 | D:6      | Reached **** piety under Trog
  4763 | D:6      | Reached skill level 13 in Axes
  5347 | D:7      | Noticed Maggie
  5357 | D:7      | Noticed a two-headed ogre
  5438 | D:7      | Killed a two-headed ogre
  5439 | D:7      | Reached skill level 14 in Axes
  5439 | D:7      | Reached XP level 9. HP: 29/70 MP: 8/8
  5733 | D:7      | Found a staircase to the Ecumenical Temple.
  5894 | D:7      | Reached skill level 15 in Axes
  6052 | D:7      | Killed Maggie
  6078 | D:7      | Noticed a two-headed ogre
  6084 | D:7      | Reached skill level 16 in Axes
  6084 | D:7      | Killed a two-headed ogre
  6085 | D:7      | Reached XP level 10. HP: 67/77 MP: 9/9
  6139 | D:7      | Reached skill level 17 in Axes
  6513 | D:7      | Noticed Menkaure
  6518 | D:7      | Killed Menkaure
  7240 | D:8      | Noticed a two-headed ogre
  7247 | D:8      | Killed a two-headed ogre
  7248 | D:8      | Reached skill level 18 in Axes
  7461 | D:8      | Found a staircase to the Lair.
  7485 | D:8      | Reached skill level 19 in Axes
  7546 | D:8      | Reached XP level 11. HP: 55/82 MP: 10/10
  7885 | D:8      | Found a blossoming altar of Fedhas.
  7885 | D:8      | Found a glowing silver altar of Zin.
  8844 | D:9      | Noticed Erica
  8869 | D:9      | HP: 7/82 [something (5)]
  8870 | D:9      | Slain by Erica

Table legend: (Time is in decaauts)
 A = Elapsed time spent in this place.
 B = Non-inter-level travel time spent in this place.
 C = Inter-level travel time spent in this place.
 D = Time resting spent in this place.
 E = Time spent auto-exploring this place.
 F = Levels seen in this place.
 G = Mean time per level.
                   A        B        C        D        E       F      G
               +--------+--------+--------+--------+--------+-----+--------+
         Total |   8882 |   8313 |    569 |   1997 |   5028 |  10 |  888.2 |
       Dungeon |   8379 |   7810 |    569 |   1794 |   4859 |   9 |  931.0 |
       Ossuary |    503 |    503 |      0 |    203 |    169 |   1 |  503.0 |
               +--------+--------+--------+--------+--------+-----+--------+

Top non-repeatable levels by time:
     D:8: 1649 daAuts
     D:7: 1598 daAuts
     D:6: 1411 daAuts
     D:2: 943 daAuts
     D:3: 930 daAuts
     D:5: 711 daAuts
     D:4: 689 daAuts
 Ossuary: 503 daAuts
     D:1: 418 daAuts
     D:9: 25 daAuts

Table legend:
 A = Kills in this place as a percentage of kills in the entire game.
 B = Kills by you in this place as a percentage of kills by you in the entire game.
 C = Kills by friends in this place as a percentage of kills by friends in the entire game.
 D = Other kills in this place as a percentage of other kills in the entire game.
 E = Experience gained in this place as a percentage of experience gained in the entire game.
 F = Experience gained in this place divided by the number of levels of this place that you have seen.
                   A       B       C       D       E      F
               +-------+-------+-------+-------+-------+----------------------
         Total | 100.0 | 100.0 |   N/A | 100.0 | 100.0 | 1299.7
       Dungeon |  88.4 |  88.3 |   N/A | 100.0 |  98.0 | 1415.6
       Ossuary |  11.6 |  11.7 |   N/A |   0.0 |   2.0 | 257.0
               +-------+-------+-------+-------+-------+----------------------

Action                     |  1- 3 |  4- 6 |  7- 9 | 10-12 || total
---------------------------+-------+-------+-------+-------++-------
  Melee: Hand axe          |    75 |   144 |   132 |       ||   351
         Headbutt          |    11 |    20 |    44 |    23 ||    98
         Battleaxe         |       |       |    81 |   157 ||   238
 Invoke: Trog's Hand       |       |     3 |     2 |     1 ||     6
         Berserk           |       |     2 |     2 |       ||     4
  Evoke: Wand              |       |       |     2 |     6 ||     8
    Use: Scroll            |       |     8 |    10 |     2 ||    20
         Potion            |       |       |       |     3 ||     3
   Stab: Invisible         |       |       |     1 |       ||     1
 Armour: Animal skin       |     9 |       |       |       ||     9
         Scale mail        |     3 |    47 |    96 |    74 ||   220
  Dodge: Dodged            |    46 |    53 |   112 |    81 ||   292
  Block: Buckler           |     9 |    25 |    17 |       ||    51

Vanquished Creatures
  3 two-headed ogres
  Maggie (D:7)
  A troll (D:7)
  A hornet (D:8)
  A shadow (D:7)
  A wraith (Ossuary)
  3 wyverns (D:8)
  8 yaks
  Menkaure (D:7)
  7 water moccasins
  4 ice beasts
  A sky beast (D:8)
  2 orc warriors
  A black bear (D:5)
  2 ogres (D:6)
  9 centaurs
  3 kobold brigands
  5 bullfrogs
  4 scorpions
  5 wights
  4 killer bees
  4 howler monkeys
  8 orc priests
  2 jellies
  A gnoll bouda (D:7)
  2 hounds (D:5)
  5 iguanas
  4 orc wizards
  A sleepcap (D:7)
  3 mummies
  7 adders
  6 gnolls
  3 white imps
  A worm (D:2)
  2 dart slugs
  30 orcs
  4 endoplasms
  2 giant cockroaches (D:4)
  5 goblins
  5 hobgoblins
  5 jackals
  2 quokkas
  6 ball pythons
  5 bats
  2 frilled lizards
  6 gnoll skeletons (Ossuary)
  19 kobolds
  6 kobold skeletons (Ossuary)
  13 orc skeletons (Ossuary)
  5 rats
231 creatures vanquished.

Vanquished Creatures (others)
  A gnoll (D:7)
  5 plants (D:8)
6 creatures vanquished.

Grand Total: 237 creatures vanquished
